 Dungeon Crawl Stone Soup version 0.19-a0-49-gb8736b8 (webtiles) character file.

9843 ololoev the Carver (level 11, -5/101 HPs)
             Began as a Minotaur Fighter on May 6, 2016.
             Was a High Priest of Okawaru.
             Killed by divine providence
             ... invoked by an orc priest
              (12 damage)
             ... on level 11 of the Dungeon.
             The game lasted 00:28:16 (8850 turns).

ololoev the Carver (Minotaur Fighter)               Turns: 8850, Time: 00:28:16

Health: -5/101     AC: 20    Str: 23 (24) XL:     11   Next: 28%
Magic:  14/14      EV:  9    Int:  8      God:    Okawaru [*****.]
Gold:   276        SH:  0    Dex: 10      Spells: 0 memorised, 10 levels left

rFire  + + .     SeeInvis .     a - +1 scimitar (freeze) (curse)
rCold  . . .     Gourm    .     N - +0 plate armour
rNeg   . . .     Faith    +     (no shield)
rPois  .         Spirit   .     (helmet restricted)
rElec  .         Dismiss  .     C - +0 cloak
rCorr  .         Reflect  .     v - +0 pair of gloves
SustAt .         Harm     .     (no boots)
MR     +....                    m - amulet "Doukeif" {Faith rF+ Int+3 Stlth+}
Stlth  ..........               F - ring of protection from fire
                                M - ring of protection from magic

@: heroism, very slightly contaminated, somewhat resistant to hostile
enchantments, extremely unstealthy
A: retaliatory headbutt, hooves 1, horns 2, deterioration 1
a: Heroism, Finesse, Renounce Religion


Innate Abilities, Weirdness & Mutations

You reflexively headbutt those who attack you in melee.
You have a pair of horns on your head.
You have large cloven feet.
Your body sometimes deteriorates upon taking damage.

Inventory:

Hand Weapons
 a - a cursed +1 scimitar of freezing (weapon)
Armour
 v - a +0 pair of gloves (worn)
 C - a +0 cloak (worn)
 N - a +0 plate armour (worn)
Jewellery
 m - the amulet "Doukeif" (around neck) {Faith rF+ Int+3 Stlth+}
   (You found it on level 9 of the Dungeon)

   [amulet of faith]

   It allows you to gain divine favour quickly.
   It affects your intelligence (+3).
   It protects you from fire.
   It makes you more stealthy.
 F - a ring of protection from fire (right hand)
 M - a ring of protection from magic (left hand)
 O - a +2 amulet of reflection {unknown}
Wands
 P - a wand of disintegration (14/24)
Scrolls
 c - a scroll of vulnerability {unknown}
 d - a scroll of summoning {unknown}
 g - 8 scrolls of remove curse
 k - 7 scrolls of teleportation
 n - 2 scrolls of immolation
 p - a scroll of enchant weapon
 r - 4 scrolls of fear
 y - a scroll of fog
 A - a scroll of blinking
 B - 2 scrolls of recharging
 H - 3 scrolls of magic mapping
 K - a scroll of noise
 L - a scroll of silence
Potions
 e - 2 potions of invisibility
 h - a potion of experience {unknown}
 i - 7 potions of curing
 o - 3 potions of haste
 q - 7 potions of magic
 s - 3 potions of berserk rage
 t - 10 potions of heal wounds
 w - 3 potions of agility
 x - a potion of cancellation {unknown}
 z - 3 potions of flight
 D - a potion of cure mutation
 G - a potion of resistance
Miscellaneous
 b - a phial of floods (inert)
 J - a lamp of fire
Comestibles
 f - 5 bread rations
 j - a chunk of flesh
 l - 5 meat rations
 u - 7 fruits
 E - 4 beef jerkies
 I - 2 slices of pizza


   Skills:
 + Level 10.8(15.8) Fighting
 * Level 13.7(18.7) Long Blades
 + Level 10.7(15.7) Armour
   Level 3.6(8.6) Shields
 + Level 5.6 Invocations
 + Level 0.3 Evocations


You had 10 spell levels left.
You didn't know any spells.


You were on level 11 of the Dungeon.
You worshipped Okawaru.
Okawaru was extremely pleased with you.
You were near starving.

You visited 2 branches of the dungeon, and saw 12 of its levels.
You also visited: Sewer, Ossuary and Bailey.

You collected 947 gold pieces.
You spent 671 gold pieces at shops.

...# ...# ...## ##
.....###
###.##......##..
##...............
#..>......##.....
##@...#.#...##
#(...........#
##W.........#
##<(........#
#.o.()......#.
.#######..)...c......
.
............)........
.
.....................
.
.....................

Notes
Turn   | Place    | Note
--------------------------------------------------------------
     0 | D:1      | ololoev the Minotaur Fighter began the quest for the Orb.
     0 | D:1      | Reached XP level 1. HP: 19/19 MP: 0/0
    44 | D:1      | Reached skill level 3 in Long Blades
    46 | D:1      | Reached XP level 2. HP: 19/27 MP: 1/1
   320 | D:1      | Reached XP level 3. HP: 33/33 MP: 2/2
   504 | D:2      | Found a sacrificial altar of Ru.
   790 | D:2      | Reached skill level 4 in Long Blades
   828 | D:2      | Reached XP level 4. HP: 29/40 MP: 3/3
  1562 | D:3      | Found a burning altar of Makhleb.
  1630 | D:3      | Found a stormy altar of Qazlal.
  1644 | D:3      | Reached XP level 5. HP: 47/47 MP: 4/4
  1805 | D:3      | Reached skill level 5 in Long Blades
  1819 | D:3      | Found a glowing drain.
  1823 | Sewer    | Entered a sewer
  1894 | Sewer    | Reached skill level 5 in Armour
  1911 | Sewer    | Found a white marble altar of Elyvilon.
  2152 | D:4      | Noticed a phantom
  2204 | D:4      | Killed a phantom
  2204 | D:4      | Reached skill level 5 in Fighting
  2204 | D:4      | Reached skill level 6 in Long Blades
  2204 | D:4      | Reached XP level 6. HP: 51/56 MP: 5/5
  2269 | D:4      | Found a shadowy altar of Dithmenos.
  2296 | D:4      | Noticed Edmund
  2324 | D:4      | Killed Edmund
  2401 | D:4      | Noticed an ice beast
  2411 | D:4      | Killed an ice beast
  2411 | D:4      | Reached skill level 7 in Long Blades
  2411 | D:4      | Reached XP level 7. HP: 48/61 MP: 6/6
  2436 | D:4      | Noticed Zhenya25pyc's ghost (amateur GrFi)
  2453 | D:4      | Killed Zhenya25pyc's ghost
  2481 | D:4      | Found a white marble altar of Elyvilon.
  2566 | D:4      | Noticed Sigmund
  2585 | D:4      | Killed Sigmund
  2585 | D:4      | Reached skill level 8 in Long Blades
  2677 | D:4      | Reached XP level 8. HP: 61/71 MP: 7/7
  2822 | D:5      | Entered Level 5 of the Dungeon
  2877 | D:5      | Found Emici's Distillery.
  2889 | D:5      | Bought a potion of curing for 33 gold pieces
  2889 | D:5      | Bought a potion of heal wounds for 55 gold pieces
  2889 | D:5      | Bought a potion of berserk rage for 55 gold pieces
  2889 | D:5      | Bought a potion of flight for 33 gold pieces
  2889 | D:5      | Bought a potion of resistance for 110 gold pieces
  2889 | D:5      | Bought 2 potions of degeneration for 22 gold pieces
  2919 | D:5      | Found a staircase to the Ecumenical Temple.
  2923 | Temple   | Entered the Ecumenical Temple
  3081 | D:5      | Reached skill level 9 in Long Blades
  3230 | D:5      | Found a sand-covered staircase.
  3236 | Ossuary  | Entered an ossuary
  3530 | D:5      | Bought a potion of lignification for 33 gold pieces
  3530 | D:5      | Bought a potion of cure mutation for 275 gold pieces
  3700 | D:6      | Found a shattered altar of Ashenzari.
  3795 | D:6      | Reached skill level 10 in Long Blades
  3811 | D:6      | Reached XP level 9. HP: 23/81 MP: 8/8
  3865 | D:6      | Found Asangyuv's Food Boutique.
  3961 | D:6      | Found a snail-covered altar of Cheibriados.
  4201 | D:6      | Found an oddly glowing altar of Pakellas.
  4208 | D:6      | Noticed a tengu reaver
  4213 | D:6      | Killed a tengu reaver
  4233 | D:6      | Found an iron altar of Okawaru.
  4242 | D:6      | Became a worshipper of Warmaster Okawaru
  4680 | D:7      | Reached skill level 1 in Invocations
  4849 | D:7      | Noticed a gargoyle
  4868 | D:7      | Killed a gargoyle
  4868 | D:7      | Reached skill level 11 in Long Blades
  4889 | D:7      | Reached * piety under Okawaru
  5173 | D:7      | Found an opulent altar of Gozag.
  5530 | D:8      | Reached ** piety under Okawaru
  5552 | D:8      | Reached XP level 10. HP: 53/91 MP: 11/11
  5666 | D:8      | Found Plog's Armour Shoppe.
  5721 | D:8      | Reached skill level 12 in Long Blades
  5966 | D:9      | Found a flagged portal.
  6105 | Bailey   | Entered a bailey
  6645 | D:9      | Reached *** piety under Okawaru
  6868 | D:5      | Bought 2 potions of mutation for 55 gold pieces
  7127 | D:9      | Reached skill level 10 in Fighting
  7207 | D:9      | Got an ancient bone amulet
  7282 | D:9      | Identified the amulet "Doukeif" {Faith rF+ Int+3 Stlth+} (You found it on level 9 of the Dungeon)
  7669 | D:10     | Entered Level 10 of the Dungeon
  7669 | D:10     | Noticed a brown ugly thing
  7680 | D:10     | Noticed a hill giant
  7682 | D:10     | Killed a brown ugly thing
  7682 | D:10     | Reached skill level 10 in Armour
  7686 | D:10     | Killed a hill giant
  7686 | D:10     | Reached **** piety under Okawaru
  7686 | D:10     | Reached skill level 13 in Long Blades
  7688 | D:10     | Reached skill level 5 in Invocations
  7753 | D:10     | Reached XP level 11. HP: 70/101 MP: 13/13
  7777 | D:9      | Gained mutation: You have large cloven feet. [mutagenic meat]
  7778 | D:9      | Gained mutation: Your body sometimes deteriorates upon taking damage. [mutagenic meat]
  8039 | D:10     | Found a staircase to the Lair.
  8069 | D:10     | Killed an unseen horror
  8385 | D:10     | Noticed a hill giant
  8397 | D:10     | Killed a hill giant
  8397 | D:10     | Reached ***** piety under Okawaru
  8583 | D:11     | Noticed a death knight
  8584 | D:11     | Noticed a skeletal warrior
  8584 | D:11     | Noticed a phantasmal warrior
  8850 | D:11     | Killed from afar by an orc priest

Dungeon Overview and Level Annotations

Branches:
Dungeon (11/15)            Temple (1/1) D:5            Lair (0/8) D:10
    Orc: D:9-12

Altars:
Ashenzari
Cheibriados
Dithmenos
Elyvilon
Fedhas
Gozag
Kikubaaqudgha
Makhleb
Nemelex Xobeh
Okawaru
Pakellas
Qazlal
Ru
Sif Muna
Trog
Vehumet
Xom
Yredelemnul
Zin
The Shining One

Shops:
D:5 !   D:6 %


Message History

An orc comes into view. It is wielding a hand axe.
The orc shouts!
There is a stone staircase leading up here.
You see here 2 arrows.
Drink which item? (? for menu, Esc to quit)
You feel much better.
The centaur shoots an arrow.
The arrow hits you.
A shadow imp comes into view.
The shadow imp shouts, "Back with thee, thou craven ditch-delivered meatloaf!"
The orc shouts!
The centaur unwields an uncursed shortbow.
The centaur hits you but does no damage.
You slice the centaur!! You freeze the centaur. Your kick misses the centaur.
The centaur is almost dead.
The centaur hits you but does no damage.
An orc and an orc priest come into view.
You closely miss the centaur.
The orc shouts!
You kick the centaur, but do no damage. You headbutt the centaur.
You kill the centaur!
Okawaru accepts your kill.
The shadow imp grinds its teeth.
A hungry ghost comes into view.
Use which ability? (? or * to list)
You gain the combat prowess of a mighty hero.
You feel slightly more hungry.
You slash the orc! You freeze the orc.
You kill the orc!
Okawaru accepts your kill. The shadow imp gestures at you.
You easily resist.
The orc closely misses you. You furiously retaliate!
You headbutt the orc. You slice the orc!! You freeze the orc.
You kill the orc!
Okawaru accepts your kill. The shadow imp gestures at you.
You easily resist.
The orc priest looks braver for a moment.
Things that are here:
a whip; a scroll labeled ZIELAB KOLAOD The orc closely misses you.
The shadow imp hits you but does no damage.
You barely miss the shadow imp.
You kick the shadow imp, but do no damage.
The orc hits you but does no damage. The shadow imp hits you.
The orc priest hits you but does no damage.
You slice the shadow imp!!
You kill the shadow imp!
Okawaru accepts your kill. The orc hits you with a whip. The orc misses you.
You slash the orc! You freeze the orc.
You kill the orc!
Okawaru accepts your kill. The orc priest barely misses you.
A centaur comes into view.
The orc priest hits you but does no damage.
You barely miss the orc priest.
The centaur shouts!
You kick the orc priest, but do no damage.
The hungry ghost hits you.
You are feeling very hungry.
The orc priest casts a cantrip, but nothing happens.
The centaur wields a shortbow.
The centaur shoots an arrow.
The arrow hits you.
You see here an arrow.
The centaur shoots an arrow.
The arrow hits you but does no damage.
You see here an arrow.
The orc priest hits you but does no damage.
The hungry ghost hits you.
You are near starving!
There is a stone staircase leading up here.
You see here 2 arrows.
The centaur shoots an arrow.
The arrow barely misses you.
The centaur shoots an arrow.
The arrow hits you but does no damage.
The orc priest calls down the wrath of Beogh upon you.
Beogh smites you!
You see here 2 arrows.
The centaur shoots an arrow.
The arrow hits you.
The orc priest mumbles some strange prayers to Beogh against you.
Beogh smites you!
You die...

You could see a hungry ghost, a centaur and an orc priest.

Vanquished Creatures
  An unseen horror (D:10)
  2 hill giants (D:10)
  An ugly thing (D:10)
  A gargoyle (D:7)
  A troll (D:9)
  A two-headed ogre (D:8)
  Sigmund (D:4)
  2 wyverns
  A hippogriff (D:9)
  3 wargs (D:10)
  Edmund (D:4)
  A hungry ghost (D:10)
  The ghost of Zhenya25pyc the Skirmisher, an amateur GrFi (D:4)
  5 orc warriors
  2 sky beasts
  8 ice beasts
  2 black bears
  A necrophage (D:9)
  9 ogres
  3 phantoms
  2 centaurs
  A big kobold (Sewer)
  4 giant frogs
  An elf skeleton (D:5)
  9 killer bees
  5 wights (D:9)
  3 howler monkeys
  A giant frog zombie (D:10)
  4 crimson imps
  5 orc priests
  11 hounds
  A gnoll shaman (D:7)
  5 jellies
  11 orc wizards
  A human skeleton (D:5)
  5 iguanas
  4 worker ants
  A killer bee zombie (D:6)
  2 big kobold zombies (Ossuary)
  2 hound skeletons
  2 mummies (Ossuary)
  24 gnolls
  A howler monkey skeleton (D:4)
  10 adders
  A river rat (Sewer)
  7 shadow imps
  3 oozes
  3 worms
  2 dart slugs (D:1)
  6 giant geckos
  41 orcs
  5 giant cockroaches
  6 goblins
  18 hobgoblins
  19 jackals
  14 kobolds
  6 quokkas
  A ball python (D:5)
  6 bats
  4 giant newts
  3 gnoll zombies (Ossuary)
  4 goblin zombies (Ossuary)
  3 hobgoblin zombies (Ossuary)
  A jackal skeleton (D:9)
  2 jackal zombies
  An orc skeleton (D:5)
  5 orc zombies
  8 rats
331 creatures vanquished.

Vanquished Creatures (others)
  A tengu reaver (D:6)
1 creature vanquished.

Grand Total: 332 creatures vanquished

Action                   |  1- 3 |  4- 6 |  7- 9 | 10-12 || total
-------------------------+-------+-------+-------+-------++-------
Melee: Long sword        |    93 |   176 |   374 |   182 ||   825
       Headbutt          |    16 |    21 |    81 |    69 ||   187
       Scimitar          |       |       |       |   198 ||   198
       Punch             |       |       |       |     2 ||     2
       Kick              |       |       |       |    29 ||    29
Invok: Heroism           |       |       |       |     9 ||     9
Evoke: Phial of floods   |       |       |       |     1 ||     1
  Use: Potion            |       |       |     3 |     1 ||     4
       Scroll            |       |       |       |    18 ||    18
  Eat: Chunk             |       |     5 |    11 |    14 ||    30
Armor: Scale mail        |    43 |    89 |   151 |    12 ||   295
       Plate armour      |       |       |       |   263 ||   263
Dodge: Dodged            |    39 |    85 |   194 |   162 ||   480

Vault maps used:
D:1:      dpeg_arrival_round_a, minivault_11
D:2:      lemuel_crystal_altar, serial_forest, infiniplex_forest_clump_large,
          infiniplex_forest_straight_5, infiniplex_forest_end_2,
          infiniplex_forest_clump_cross, infiniplex_forest_clump_double,
          infiniplex_forest_split, infiniplex_forest_clump_double,
          infiniplex_forest_clump_curved
D:3:      grunt_qazlal_clouds, first_bread, gup_sewer_entry_bowl,
          makhleb_heckhound_becter
D:4:      lemuel_crystal_altar, nicolae_overflow_crystal_walls,
          minmay_joined_circles, uniq_edmund, uniq_sigmund
D:5:      temple_hall_moat, serial_shops, shop_fountains,
          nicolae_ossuary_entry_catacombs
D:6:      kennysheep_mini_moat, lemuel_crystal_altar,
          kennysheep_okawaru_gauntlet, gammafunk_pakellas_spire_experiment,
          serial_shops, nicolae_shop_window_shopping
D:7:      marbit_many_paths
D:8:      serial_shops, nicolae_shop_trees
D:9:      enter_bailey_2
D:10:     erik_lair_orcish_takeover
Temple:   chambers_temple_10
Sewer:    sewer_kobolds
Ossuary:  minmay_ossuary_gauntlet
Bailey:   bailey_axe_2, bailey
